Map: 16 bits EC

Players

HoldTheDoor

  • Race: Protoss Protoss
  • League: Diamond
  • Spawn Location: 7:00

MSeven - Winner!

  • Race: Zerg Zerg
  • League: Platinum
  • Spawn Location: 1:00

VOD

Have the link to the VOD?

Description

Time

  • Played on: July 5, 2018, 11:37 a.m.
  • Length: 17:19
Show
View Real Time Build Order
Export as new Build Order

HoldTheDoor Protoss 

Build Orders: 1 Gate Expand 

Get SALT Encoding   

  12  0:00  Probe  
  13  0:12  Probe  
  14  0:18  Pylon  
  14  0:25  Probe  
  15  0:37  Probe  
  15  0:40  Gateway  
  16  0:46  Assimilator  
  17  0:50  Probe  
  17  1:02  Probe  
  18  1:14  Probe  
  19  1:33  Nexus  
  19  1:40  Cybernetics Core  
  19  1:41  Probe  
  20  1:47  Assimilator  
  20  1:53  Probe  
  21  1:59  Pylon  
  21  2:05  Probe  
  22  2:10  Warp Gate  
  22  2:18  Probe  
  22  2:19  Adept  
  25  2:29  Twilight Council  
  25  2:30  Probe  
  26  2:42  Probe  
  27  2:44  Pylon  
  27  2:46  Probe  
  27  2:51  Sentry  
  30  2:54  Probe  
  30  2:58  Probe  
  32  3:02  Gateway  
  32  3:06  Probe  
  32  3:07  Resonating Glaives  
  32  3:10  Probe  
  34  3:17  Adept  
  34  3:19  Probe  
  37  3:24  Gateway  
  37  3:28  Probe  
  38  3:34  Pylon  
  38  3:42  Gateway  
  38  3:44  Probe x2  
  40  3:54  Robotics Facility  
  40  4:00  Probe x2  
  42  4:12  Probe  
  43  4:18  Pylon  
  43  4:19  Probe  
  43  4:23  Pylon  
  44  4:24  Sentry  
  44  4:25  Sentry  
  44  4:26  Adept  
  44  4:28  Probe  
  44  4:31  Warp Prism  
  51  4:36  Pylon  
  51  4:38  Gateway  
  51  4:39  Gateway  
  53  4:48  Adept  
  53  4:49  Adept x2  
  59  4:56  Pylon  
  59  5:07  Immortal, Gateway  
  59  5:08  Gateway  
  63  5:21  Adept x3  
  69  5:31  Pylon  
  69  5:33  Gateway  
  69  5:37  Immortal  
  73  6:00  Adept x5  
  73  6:01  Adept  
  85  6:10  Warp Prism  
  81  6:28  Pylon  
  81  6:29  Adept x2  
  81  6:30  Adept x2  
  89  6:34  Adept  
  89  6:35  Adept  
  93  6:48  Pylon  
  93  6:50  Pylon  
  93  6:52  Pylon  
  93  7:09  Adept  
  93  7:10  Adept x6  
  93  7:11  Adept x2  
  101  7:39  Adept x4  
  101  7:40  Adept x5  
  77  8:00  Adept x2  
  77  8:01  Adept x4  
  89  8:12  Adept x2  
  45  8:28  Immortal  
  45  8:32  Zealot x2  
  45  8:33  Zealot x4  
  61  8:37  Assimilator  
  61  8:39  Assimilator  
  61  8:42  Zealot  
  63  8:53  Charge  
  63  8:57  Probe x2  
  65  9:09  Probe, Zealot  
  68  9:10  Zealot x4  
  76  9:17  Immortal  
  76  9:28  Pylon  
  80  9:31  Probe  
  80  9:32  Probe  
  82  9:41  Forge  
  82  9:44  Probe  
  83  9:51  Protoss Ground Weapons Level 1  
  83  9:57  Nexus  
  83  10:01  Pylon  
  83  10:03  Observer  
  83  10:07  Zealot x2  
  86  10:09  Sentry  
  86  10:10  Sentry  
  86  10:13  Sentry  
  94  10:19  Probe  
  94  10:20  Probe  
  96  10:32  Forge  
  96  10:34  Probe x2, Pylon  
  98  10:47  Immortal  
  102  10:51  Zealot  
  102  10:53  Sentry  
  102  10:54  Probe  
  102  10:55  Probe  
  108  10:59  Assimilator  
  108  11:03  Assimilator  
  108  11:18  Zealot x2  
  108  11:19  Zealot x3  
  108  11:24  Immortal  
  118  11:30  Templar Archives  
  122  11:44  Zealot x2  
  122  11:45  Zealot  
  128  11:53  Pylon  
  128  11:55  Stalker  
  128  11:56  Stalker  
  132  12:08  Zealot  
  134  12:09  Zealot x2  
  134  12:10  Zealot  
  134  12:12  Protoss Ground Weapons Level 2  
  134  12:13  Sentry  
  134  12:14  Probe  
  134  12:15  Protoss Ground Armor Level 1, Probe  
  144  12:32  High Templar x4  
  144  12:33  High Templar  
  154  12:38  High Templar  
  154  12:40  Archon x2  
  154  12:41  Archon  
  156  12:46  Probe x2  
  156  12:47  Probe  
  159  12:56  Pylon  
  159  12:59  Pylon  
  159  13:16  High Templar x2  
  159  13:17  High Templar  
  159  13:18  Pylon  
  159  13:19  High Templar  
  167  13:20  Zealot x4  
  167  13:21  Zealot  
  167  13:24  Archon  
  167  13:25  Archon  
  177  13:38  Nexus  
  121  13:50  Zealot  
  121  13:51  Zealot x6  
  83  14:10  Pylon  
  83  14:11  Probe  
  83  14:12  Probe  
  83  14:14  Probe, Pylon  
  90  14:17  Immortal  
  90  14:18  Assimilator  
  90  14:19  High Templar x4  
  90  14:20  High Templar  
  90  14:22  Assimilator  
  90  14:23  Archon x2  
  100  14:25  Psionic Storm  
  100  14:28  Probe  
  101  14:41  Zealot x4  
  101  14:44  Probe  
  101  14:45  Probe  
  111  14:46  Probe  
  111  14:50  Probe  
  113  14:56  Probe  
  113  14:57  Probe  
  113  14:58  Probe  
  116  15:02  Zealot x3  
  116  15:06  Zealot x2  
  126  15:13  Warp Prism  
  128  15:17  Zealot  
  128  15:19  Sentry x3  
  136  15:33  Shield Battery  
  136  15:34  Shield Battery, High Templar  
  136  15:35  High Templar x4  
  146  15:37  High Templar  
  146  15:40  Archon x2  
  146  15:41  Archon  
  148  15:44  Probe x2  
  150  15:51  Pylon  
  154  15:57  Immortal  
  154  16:00  Zealot  
  154  16:01  Zealot x2  
  160  16:18  High Templar x3  
  160  16:19  High Templar x2  
  160  16:22  Zealot x4  
  160  16:25  Archon x2  
  178  16:28  Pylon  
  178  16:32  Pylon  
  124  16:43  Zealot x4  
  79  17:04  Stargate  
  79  17:05  Zealot x3  
  79  17:06  Zealot x6  
Show
View Real Time Build Order
Export as new Build Order

MSeven Zerg - Winner!

Build Orders: Hatch First 

Get SALT Encoding   

  12  0:03  Drone  
  13  0:14  Overlord  
  13  0:20  Drone  
  14  0:33  Drone  
  14  0:34  Drone  
  16  0:37  Drone  
  17  0:56  Hatchery  
  16  0:58  Drone  
  16  1:01  Drone  
  18  1:12  Extractor  
  18  1:17  Spawning Pool  
  16  1:20  Drone  
  16  1:23  Drone  
  18  1:30  Drone  
  19  1:41  Overlord  
  19  1:55  Drone  
  20  2:06  Queen  
  20  2:08  Queen  
  24  2:09  Zergling x2  
  24  2:10  Zergling x2  
  26  2:19  Drone  
  26  2:20  Drone  
  28  2:26  Drone  
  29  2:36  Drone x2  
  31  2:49  Queen  
  33  2:54  Overlord, Hatchery  
  32  3:03  Drone x3  
  35  3:16  Drone  
  35  3:17  Drone x2  
  38  3:22  Lair  
  38  3:39  Drone  
  38  3:40  Drone x5  
  44  3:44  Overlord x3  
  44  3:53  Extractor  
  43  3:55  Extractor  
  43  3:57  Extractor  
  42  4:10  Drone x10  
  42  4:11  Drone  
  52  4:31  Hydralisk Den  
  52  4:34  Baneling Nest  
  52  4:37  Evolution Chamber  
  49  4:46  Drone  
  49  4:47  Drone x14  
  49  4:50  Spore Crawler  
  49  4:52  Spore Crawler  
  62  5:09  Zerg Melee Weapons Level 1  
  62  5:11  Hydralisk, Grooved Spines  
  62  5:12  Hydralisk x3  
  70  5:22  Spore Crawler  
  69  5:30  Metabolic Boost  
  69  5:32  Centrifical Hooks  
  69  5:36  Overlord x4  
  69  5:38  Hydralisk  
  69  5:39  Hydralisk  
  73  5:54  Overlord x4  
  73  5:56  Hydralisk x2  
  73  5:57  Hydralisk x2  
  81  6:09  Zergling x2  
  81  6:10  Zergling x10  
  87  6:22  Hydralisk x6  
  87  6:23  Hydralisk  
  101  6:33  Baneling x6  
  101  6:41  Extractor  
  100  6:47  Hydralisk  
  100  6:48  Hydralisk x2  
  100  6:49  Zergling x2  
  100  6:50  Zergling x8  
  111  7:03  Drone x3  
  114  7:12  Hydralisk  
  114  7:13  Hydralisk x5  
  126  7:19  Baneling x3  
  114  7:42  Zergling x2  
  114  7:43  Zergling x18  
  56  8:31  Queen  
  56  8:33  Hatchery  
  57  8:38  Hydralisk  
  57  8:39  Hydralisk x5  
  69  8:43  Hatchery  
  68  9:03  Baneling  
  68  9:04  Hydralisk  
  68  9:05  Hydralisk x3  
  76  9:14  Hydralisk x2  
  80  9:28  Hydralisk x6  
  92  9:36  Muscular Augments  
  92  9:43  Hydralisk x2  
  96  9:51  Queen  
  98  10:03  Hydralisk  
  98  10:04  Hydralisk x5  
  110  10:35  Zerg Missile Weapons Level 1  
  110  10:45  Drone  
  110  10:46  Drone x11  
  122  10:54  Spore Crawler  
  122  10:56  Drone  
  122  10:57  Drone x2  
  124  11:16  Drone  
  124  11:17  Drone x9  
  134  11:26  Drone x3  
  134  11:28  Extractor  
  134  11:29  Extractor  
  135  11:42  Lurker Den  
  134  11:52  Overlord x3  
  134  11:53  Overlord x3  
  134  11:55  Zergling x12  
  134  11:56  Zergling x6  
  143  12:07  Overlord x4  
  143  12:13  Hydralisk  
  143  12:14  Hydralisk x2  
  149  12:21  Baneling x2  
  149  12:22  Baneling x6  
  149  12:23  Baneling x5  
  149  12:24  Baneling  
  149  12:31  Drone  
  149  12:32  Drone x3  
  149  12:34  Drone x3  
  156  12:42  Zerg Melee Weapons Level 2  
  156  12:50  Baneling x4  
  156  13:04  Drone  
  156  13:05  Zergling x2  
  158  13:06  Zergling x40  
  144  13:50  Zergling x14  
  144  13:51  Zergling x36  
  99  14:10  Zergling x2  
  99  14:11  Zergling x12  
  106  14:26  Baneling  
  106  14:27  Baneling x18  
  106  14:33  Hatchery  
  105  14:40  Extractor  
  105  14:41  Extractor  
  105  14:44  Zergling x2  
  105  14:45  Zergling x24  
  116  15:01  Zerg Ground Armor Level 1  
  116  15:08  Hydralisk x7  
  116  15:09  Hydralisk x4  
  138  15:43  Lurker x7  
  138  15:44  Lurker x4  
  138  15:48  Zergling x2  
  138  15:49  Zergling x16  
  162  15:50  Zergling x24  
  170  16:07  Zergling x4  
  170  16:08  Zergling x20  
  170  16:10  Baneling  
  170  16:11  Baneling x21  
  182  16:12  Baneling x2  
Tags
 
Add a new tag
Caveats
  • Supply blocks, unpowered buildings, or Contaminate may cause inaccurate times.
  • Supply counts are checked every 10 seconds.